 Dungeon Crawl Stone Soup version 0.28.0 (webtiles) character file.

Game seed: 6408504820334820140

6 shoop the Vexing (level 1, 20/20 HPs)
             Began as an Ogre Arcane Marksman on Feb 15, 2022.
             Quit the game on level 1 of the Dungeon.
             The game lasted 00:01:19 (587 turns).

shoop the Vexing (Ogre Arcane Marksman)              Turns: 587, Time: 00:01:19

Health: 20/20      AC:  3    Str: 13    XL:     1   Next: 90%
Magic:  2/2        EV:  9    Int: 14    God:
Gold:   0          SH:  0    Dex:  9    Spells: 1/2 levels left

rFire   . . .      SeeInvis .   e - +0 rapier
rCold   . . .      Faith    .   (no shield)
rNeg    . . .      Spirit   .   a - +0 robe
rPois   .          Reflect  .   (helmet restricted)
rElec   .          Harm     .   (no cloak)
rCorr   .          Rampage  .   (gloves unavailable)
Will    .....                   (boots unavailable)
Stlth   +.........              (no amulet)
HPRegen 0.06/turn               (no ring)
MPRegen 0.08/turn               (no ring)

@: no status effects
A: large, unfitting armour, tough skin 1
a: no special abilities


You were on level 1 of the Dungeon.
You visited 1 branch of the dungeon, and saw 1 of its levels.

Inventory:

Hand Weapons
 d - a +0 dagger
 e - a +0 rapier (weapon)
Missiles
 b - 4 large rocks (quivered)
 c - 2 throwing nets
 f - 4 stones
Armour
 a - a +0 robe (worn)


   Skills:
 + Level 1.6 Fighting
 + Level 2.1 Throwing
 + Level 1.9 Dodging
 + Level 1.4 Spellcasting
 + Level 2.7 Hexes


You had one spell level left.
You knew the following spells:

 Your Spells              Type           Power      Damage    Failure   Level
a - Slow                  Hex            32%        N/A       9%          1

Your spell library contained the following spells:

 Spells                   Type           Power      Damage    Failure   Level
 Blink                    Tloc           0%         N/A       36%         2
 Inner Flame              Hex/Fire       4%         N/A       38%         3
 Portal Projectile        Hex/Tloc       8%         N/A       38%         3
 Lesser Beckoning         Tloc           0%         N/A       58%         3
 Cause Fear               Hex            4%         N/A       63%         4
 Manifold Assault         Tloc           0%         N/A       100%        5


Dungeon Overview and Level Annotations

Branches:
Dungeon (1/15)

Altars:


Innate Abilities, Weirdness & Mutations

You are too large for most types of armour.
You have tough skin. (AC +1)


Message History

You hit the kobold.
You kill the kobold!
No target in view!
No target in view!
A ball python comes into view.
Found a book of Spatial Translocations.
The ball python hisses angrily.
Casting: Slow (safe; 9% risk of failure)
Confirm with . or Enter, or press ? or * to list all spells.
Aiming: Slow (safe; 9% risk of failure)
Press: ? - help, Shift-Dir - straight line, f - ball python
Aim: a ball python (chance to affect: 63%)
You miscast Slow.
You are very lightly contaminated with residual magic.
Nothing appears to happen.
Casting: Slow (safe; 9% risk of failure)
Confirm with . or Enter, or press ? or * to list all spells.
Aiming: Slow (safe; 9% risk of failure)
Press: ? - help, Shift-Dir - straight line, f/p - ball python
Aim: a ball python (chance to affect: 63%)
The ball python resists with significant effort.
You barely miss the ball python. The ball python bites you.
You barely miss the ball python.
The ball python bites you but does no damage. x2
You hit the ball python.
The ball python is moderately wounded.
The ball python barely misses you.
You closely miss the ball python.
The ball python is moderately wounded.
The ball python bites you. x2
Your magical contamination has completely faded away.
You puncture the ball python!
You kill the ball python!
No target in view!
No target in view!
You pick up a book of Spatial Translocations and begin reading...
You add the spells Blink, Lesser Beckoning and Manifold Assault to your library.
Okay, then.
A rat comes into view.
Are you sure you want to abandon this character and quit the game? (Confirm with "yes".)

#.# #.# #.# ## #.# r
####.###### #.
#.........####
#####.###.##.#.......#
.............#.##.##.#
.......@.......##.##.#
...##.#.#########.##.#
.. #.# #.##.### ## #..
#.##.... ### #.######
#.# # #.# # # #


You could see a rat (asleep).

Vanquished Creatures
  3 kobolds (D:1)
  3 ball pythons (D:1)
6 creatures vanquished.

Notes
Turn   | Place    | Note
-------+----------+-------------------------------------------
     0 | D:1      | shoop the Ogre Arcane Marksman began the quest for the Orb.
     0 | D:1      | Reached XP level 1. HP: 19/19 MP: 2/2
   587 | D:1      | Quit the game

Illustrated notes

Levels and vault maps discovered:
D:1:      matt_arrival_diagonals, layout_loops_ring,
          shapermc_ecumenical_altar_ellora

Action                   || total
-------------------------++-------
Melee: Rapier            ||    23
Throw: Stone             ||     7
       Large rock        ||     1
 Cast: Slow              ||     7
Armor: Robe              ||     4
Dodge: Dodged            ||     8
